 Dungeon Crawl Stone Soup version 0.23.2-1-ga50397a (webtiles) character file.

Game seed: 15207431083755099073

210 Tursa the Chopper (level 5, -1/47 HPs)
             Began as a Hill Orc Fighter on June 1, 2019.
             Slain by a river rat (2 damage)
             ... summoned by Eustachio
             ... on level 4 of the Dungeon.
             The game lasted 00:16:31 (1958 turns).

Tursa the Chopper (Hill Orc Fighter)                Turns: 1958, Time: 00:16:31

Health: -1/47      AC:  6    Str: 20    XL:     5   Next: 87%
Magic:  5/5        EV:  7    Int:  8    God:
Gold:   72         SH:  9    Dex: 10    Spells: 4/4 levels left

rFire    . . .     SeeInvis .   a - +0 war axe
rCold    . . .     Gourm    .   c - +0 shield
rNeg     . . .     Faith    .   b - +0 scale mail
rPois    .         Spirit   .   (no helmet)
rElec    .         Reflect  .   (no cloak)
rCorr    .         Harm     .   (no gloves)
MR       .....                  (no boots)
Stlth    ..........             l - amulet of magic regeneration
HPRegen  0.15/turn              (no ring)
MPRegen  0.34/turn              (no ring)

@: berserk cooldown, drained
A: no striking features
a: no special abilities


You were on level 4 of the Dungeon.
You were not hungry.

You visited 1 branch of the dungeon, and saw 4 of its levels.

You collected 72 gold pieces.

Inventory:

Hand Weapons
 a - a +0 war axe (weapon)
 i - a +2 flail of protection
Missiles
 h - 26 stones (quivered)
Armour
 b - a +0 scale mail (worn)
 c - a +0 shield (worn)
 d - a +0 scale mail
 j - a +0 ring mail
Jewellery
 e - an uncursed ring of protection from magic
 l - an amulet of magic regeneration (around neck)
Scrolls
 g - a scroll of amnesia
Potions
 m - a potion of berserk rage
Comestibles
 f - a ration


   Skills:
 + Level 4.6(3.6) Fighting
 + Level 4.7(3.7) Axes
 + Level 4.2(3.2) Armour
 + Level 0.8(0.0) Dodging
 + Level 4.6(3.6) Shields


You had 4 spell levels left.
You didn't know any spells.
Your spell library was empty.

Dungeon Overview and Level Annotations

Branches:
Dungeon (4/15)
 Temple: D:4-7

Altars:
Fedhas
Hepliaklqana
Vehumet
Zin

Annotations:
D:4 Eustachio


Message History

The bat hits you but does no damage. The bat completely misses you.
You slash the bat!
You kill the bat!
The bat's corpse disappears in a puff of smoke!
The bat hits you but does no damage.
Eustachio casts a spell.
The river rat bites you.
* * * LOW HITPOINT WARNING * * *
You feel yourself speed up.
Eustachio casts a spell.
The river rat bites you.
* * * LOW HITPOINT WARNING * * *
The bat hits you but does no damage.
The river rat bites you but does no damage.
You barely miss the bat. You hit the river rat but do no damage.
The bat hits you but does no damage.
Eustachio screams, "This atrocity can only be purified with blood!"
Eustachio mumbles some strange words.
Eustachio blinks!
The river rat bites you.
You die...

####### #@5rr.#
###'###@#
#≈≈.≈≈#.#.....#
#≈⌠@⌠≈#.#.....#
+.._..b.'.....#
#≈⌠.⌠≈#.#%....#
#.....#≈≈.≈≈#.#.$§..#
#.....###+###.#.....#
#.....##..)...#..@..#
#.....##......'.....#


You could see Eustachio, a quasit, a river rat, a quokka and a bat.

Vanquished Creatures
  An ogre (D:4)
  An orc priest (D:3)
  An orc wizard (D:3)
  An adder (D:3)
  4 leopard geckos
  9 orcs
  A ball python (D:3)
  5 bats (D:3)
  3 giant cockroaches
  4 goblins
  2 hobgoblins (D:1)
  7 kobolds
  A quokka (D:3)
  3 frilled lizards (D:3)
  A leopard gecko skeleton (D:4)
  2 rats (D:1)
46 creatures vanquished.

Notes
Turn   | Place    | Note
-------+----------+-------------------------------------------
     0 | D:1      | Tursa the Hill Orc Fighter began the quest for the Orb.
     0 | D:1      | Reached XP level 1. HP: 19/19 MP: 1/1
   247 | D:1      | Reached XP level 2. HP: 27/27 MP: 2/2
   583 | D:3      | Found a blossoming altar of Fedhas.
   590 | D:3      | Reached XP level 3. HP: 29/33 MP: 3/3
   630 | D:3      | Reached XP level 4. HP: 32/40 MP: 4/4
   675 | D:3      | Found a glowing silver altar of Zin.
   974 | D:3      | Found a radiant altar of Vehumet.
  1144 | D:3      | Reached XP level 5. HP: 34/47 MP: 5/5
  1680 | D:4      | Noticed an ogre
  1692 | D:4      | Killed an ogre
  1919 | D:4      | Noticed Eustachio
  1929 | D:4      | Found a hazy altar of Hepliaklqana.
  1957 | D:4      | HP: 1/47 [river rat[Eustachio] (2)]
  1958 | D:4      | Slain by a river rat

Skill      XL: |  1  2  3  4 |
---------------+-------------+-----
Axes           | 3 4 |  4.7
Fighting       | 4 |  4.6
Shields        | 4 |  4.6
Armour         | 4 |  4.2
Dodging        | |  0.8

Action                   |  1- 3 |  4- 6 || total
-------------------------+-------+-------++-------
Melee: War axe           |    72 |   100 ||   172
  Use: Potion            |       |     3 ||     3
       Scroll            |       |     1 ||     1
  Eat: Chunk             |       |     1 ||     1
       Ration            |       |     1 ||     1
Armor: Scale mail        |    42 |    69 ||   111
Dodge: Dodged            |    20 |    41 ||    61
Block: Shield            |    38 |    75 ||   113
